 Dungeon Crawl Stone Soup version 0.22-a0-558-gc224181 (webtiles) character file.

17569 Hebeh the Cleaver (level 12, -3/108 HPs)
             Began as a Minotaur Fighter on June 26, 2018.
             Was an Elder of Trog.
             Killed from afar by an efreet (24 damage)
             ... with a bolt of fire
             ... on level 13 of the Dungeon.
             The game lasted 00:54:37 (14478 turns).

Hebeh the Cleaver (Minotaur Fighter)               Turns: 14478, Time: 00:54:40

Health: -3/108     AC: 20    Str: 25    XL:     12   Next: 20%
Magic:  14/14      EV:  6    Int:  5    God:    Trog [****..]
Gold:   817        SH: 15    Dex: 11    Spells: 11/11 levels left

rFire    . . .     SeeInvis .   a - +0 war axe
rCold    . . .     Gourm    +   c - +3 shield
rNeg     . . .     Faith    .   G - +1 plate armour of the Pit {MR+ rCorr}
rPois    .         Spirit   .   (helmet restricted)
rElec    .         Reflect  .   H - +0 cloak
rCorr    +         Harm     .   t - +0 pair of gloves
MR       +....                  p - +0 pair of boots
Stlth    ..........             h - amulet of the gourmand
HPRegen  0.28/turn              (no ring)
MPRegen  0.14/turn              (no ring)

@: no status effects
A: retaliatory headbutt, horns 2
a: Berserk, Trog's Hand, Brothers in Arms, Renounce Religion


You were on level 13 of the Dungeon.
You worshipped Trog.
Trog was greatly pleased with you.
You were not hungry.

You visited 2 branches of the dungeon, and saw 14 of its levels.
You also visited: Ossuary.

You collected 1004 gold pieces.
You spent 187 gold pieces at shops.

Inventory:

Hand Weapons
 a - a +0 war axe (weapon)
 b - a +3 whip of freezing
 A - a +1 whip of electrocution
Missiles
 K - 3 javelins (quivered)
 L - 7 silver javelins
Armour
 c - a +3 shield (worn)
 i - the +2 ring mail of Ezue {Regen+ Int+4 Dex-3 SInv}
   (You found it on level 10 of the Dungeon)

   It affects your intelligence (+4).
   It affects your dexterity (-3).
   It lets you see invisible.
   It increases your rate of regeneration.
 p - a +0 pair of boots (worn)
 t - a +0 pair of gloves (worn)
 G - the +1 plate armour of the Pit (worn) {MR+ rCorr}
   (You found it on level 8 of the Dungeon)

   It affects your resistance to hostile enchantments.
   It protects you from acid and corrosion.
 H - a +0 cloak (worn)
 O - a +3 scale mail of magic resistance
Jewellery
 h - an amulet of the gourmand (around neck)
Wands
 w - a wand of random effects (38)
 B - a wand of acid (15)
 C - a wand of digging (9)
 E - a wand of iceblast (25)
 F - a wand of paralysis (8)
 I - a wand of polymorph (13)
Scrolls
 e - 9 scrolls of teleportation
 l - 2 scrolls of identify
 m - 7 scrolls of remove curse
 o - 5 scrolls of enchant weapon
 x - a scroll of fear
 y - a scroll of immolation
Potions
 d - 3 potions of might
 g - 4 potions of curing
 j - a potion of degeneration
 k - 3 potions of lignification
 n - 3 potions of mutation
 q - 4 potions of flight
 r - 3 potions of resistance
 s - 5 potions of haste
 u - 2 potions of brilliance
 v - 3 potions of heal wounds
 z - a potion of berserk rage
 D - a potion of cancellation {unknown}
 J - a potion of ambrosia {unknown}
Comestibles
 f - 20 rations


   Skills:
 + Level 10.9 Fighting
 * Level 14.2(14.3) Axes
 - Level 1.8(9.7) Maces & Flails
 + Level 10.9 Armour
 + Level 10.9 Shields
 + Level 4.9 Evocations


You had 11 spell levels left.
You didn't know any spells.
Your spell library was empty.

Dungeon Overview and Level Annotations

Branches:
Dungeon (13/15)            Temple (1/1) D:6            Lair (0/6) D:11
    Orc (0/2) D:10
 Vaults: D:13-14

Altars:
Ashenzari
Cheibriados
Dithmenos
Elyvilon
Gozag
Hepliaklqana
Kikubaaqudgha
Makhleb
Nemelex Xobeh
Ru
Sif Muna
Trog
Uskayaw
Vehumet
Wu Jian
Xom
Zin

Shops:
D:3 *   D:9 :=*}:


Innate Abilities, Weirdness & Mutations

You reflexively headbutt those who attack you in melee.
You have a pair of horns on your head.


Message History

You are too injured to fight recklessly!
You are too injured to fight recklessly!
You are too injured to fight recklessly!
You are too injured to fight recklessly!
The centaur warrior shoots an arrow.
The arrow hits you. The arrow burns you. The efreet gestures at you.
The bolt of fire hits you!
A hungry ghost comes into view.
The centaur warrior shoots an arrow.
You block the arrow.
An efreet comes into view. It is wielding a scimitar of flaming.
You see here an arrow.
The centaur warrior shoots an arrow.
You block the arrow.
You see here an arrow.
The centaur warrior shoots an arrow.
The arrow hits you!
* * * LOW HITPOINT WARNING * * *
The arrow burns you.
* * * LOW HITPOINT WARNING * * *
The efreet gestures at you. The bolt of fire hits you!
You die...

...#+
####+#####.....
#.......(......
#..............
#..............
#..............
#..§........###
#..(§R(@..c...#
#.........#.#.#
#....##.......
#....##.....##
#....##.W...#
########
#....##....R§.
.......#
#....##.....#§#
.......#
#....##.....#§.
.......# #....#


You could see a centaur warrior, 2 efreet and a hungry ghost.

Vanquished Creatures
  Erolcha (D:9)
  A hydra (D:11)
  4 two-headed ogres
  Urug (D:12)
  A tengu warrior (D:10)
  2 unseen horrors
  Pikel (D:7)
  A cyclops (D:12)
  A centaur zombie (D:10)
  A gargoyle (D:11)
  Psyche (D:9)
  2 komodo dragons (D:11)
  A kobold demonologist (D:11)
  4 trolls
  A hornet (D:11)
  2 hippogriffs
  A vampire (D:12)
  A shadow (D:13)
  A wraith (D:10)
  11 yaks
  4 hungry ghosts
  A black bear (D:12)
  A hornet zombie (D:6)
  2 ice beasts
  3 orc warriors
  3 phantoms
  5 sky beasts
  A slave (D:7)
  2 centaurs
  5 ogres
  3 big kobolds
  5 bullfrogs
  A wyvern zombie (D:10)
  A wyvern skeleton (D:13)
  4 scorpions
  3 killer bees (D:10)
  3 howler monkeys
  4 crimson imps
  2 bullfrog zombies
  3 bullfrog skeletons
  A human zombie (Ossuary)
  3 centaur skeletons
  A hound (D:7)
  2 jellies
  4 orc priests
  6 orc wizards
  An iguana (D:9)
  7 worker ants
  A killer bee zombie (D:9)
  A hound zombie (Ossuary)
  A hound skeleton (D:6)
  5 mummies
  Robin (D:3)
  A worker ant zombie (D:8)
  12 adders
  4 shadow imps
  3 adder zombies
  4 worms
  4 dart slugs
  6 leopard geckos
  54 orcs
  A ball python (D:4)
  2 bats
  2 giant cockroaches
  5 gnoll zombies (Ossuary)
  13 goblins
  6 hobgoblins
  9 jackals
  25 kobolds
  7 quokkas
  5 frilled lizards
  A jackal zombie (Ossuary)
  A kobold zombie (Ossuary)
  5 rats
  A rat zombie (Ossuary)
300 creatures vanquished.

Vanquished Creatures (others)
  A black bear (D:7)
  A slave (D:7)
  A bullfrog (D:7)
  A crimson imp (D:7)
  A quokka (D:7)
5 creatures vanquished.

Grand Total: 305 creatures vanquished

Notes
Turn   | Place    | Note
-------+----------+-------------------------------------------
     0 | D:1      | Hebeh the Minotaur Fighter began the quest for the Orb.
     0 | D:1      | Reached XP level 1. HP: 19/19 MP: 0/0
   301 | D:1      | Reached XP level 2. HP: 27/27 MP: 1/1
   712 | D:2      | Reached skill level 3 in Axes
   862 | D:2      | Reached XP level 3. HP: 29/33 MP: 2/2
  1214 | D:2      | Reached XP level 4. HP: 31/40 MP: 3/3
  1248 | D:2      | Reached skill level 4 in Axes
  1895 | D:3      | Found Gozag's Platinum Reserve.
  1897 | D:3      | Found an opulent altar of Gozag.
  2004 | D:3      | Noticed Robin
  2029 | D:3      | Killed Robin
  2029 | D:3      | Reached XP level 5. HP: 30/47 MP: 4/4
  2935 | D:4      | Noticed an ogre
  2944 | D:4      | Killed an ogre
  2944 | D:4      | Reached skill level 5 in Axes
  2944 | D:4      | Reached XP level 6. HP: 17/55 MP: 5/5
  3264 | D:4      | Found a shattered altar of Ashenzari.
  3320 | D:4      | Reached skill level 5 in Shields
  3355 | D:4      | Reached skill level 5 in Fighting
  3355 | D:4      | Reached skill level 5 in Armour
  3565 | D:4      | Found a shadowy altar of Dithmenos.
  3638 | D:5      | Entered Level 5 of the Dungeon
  3926 | D:5      | Reached skill level 6 in Axes
  4186 | D:5      | Noticed an ice beast
  4202 | D:5      | Killed an ice beast
  4202 | D:5      | Reached XP level 7. HP: 49/61 MP: 6/6
  4252 | D:5      | Noticed a hand axe
  4253 | D:5      | Noticed a dagger
  4265 | D:5      | Found a hide-covered altar of Uskayaw.
  4469 | D:5      | Found a snail-covered altar of Cheibriados.
  4616 | D:6      | Reached skill level 7 in Axes
  4831 | D:6      | Found a sand-covered staircase.
  4842 | Ossuary  | Entered an ossuary
  5087 | D:6      | Reached XP level 8. HP: 58/70 MP: 7/7
  5300 | D:6      | Found a staircase to the Ecumenical Temple.
  5305 | Temple   | Entered the Ecumenical Temple
  5369 | Temple   | Became a worshipper of Trog the Wrathful
  5596 | D:6      | Found a sacrificial altar of Ru.
  5597 | D:6      | Found a sparkling altar of Nemelex Xobeh.
  5597 | D:6      | Found a deep blue altar of Sif Muna.
  5996 | D:7      | Noticed Pikel
  6000 | D:7      | Reached skill level 8 in Axes
  6017 | D:7      | Killed Pikel
  6017 | D:7      | Reached skill level 9 in Axes
  6352 | D:7      | Noticed a hippogriff
  6361 | D:7      | Killed a hippogriff
  6361 | D:7      | Reached XP level 9. HP: 79/79 MP: 8/8
  6440 | D:7      | Reached * piety under Trog
  6580 | D:7      | Found a burning altar of Makhleb.
  6583 | D:7      | Found a shimmering altar of Xom.
  6675 | D:8      | Reached skill level 1 in Maces & Flails
  6715 | D:8      | Reached skill level 10 in Axes
  6878 | D:8      | Found an ornate altar of the Wu Jian Council.
  7086 | D:8      | Found a hazy altar of Hepliaklqana.
  7127 | D:8      | Got a shimmering emerald amulet
  7131 | D:8      | Got a heavily runed plate armour
  7142 | D:8      | Identified the +1 plate armour of the Pit {MR+ rCorr} (You found it on level 8 of the Dungeon)
  7875 | D:8      | Identified the amulet of Law {Inacc Int+4} (You found it on level 8 of the Dungeon)
  8330 | D:9      | Found Syilec's Book Emporium.
  8411 | D:9      | Reached skill level 11 in Axes
  8411 | D:9      | Reached XP level 10. HP: 90/90 MP: 9/9
  8419 | D:9      | Found Mesm's Book Shop.
  8539 | D:9      | Noticed a two-headed ogre
  8550 | D:9      | Killed a two-headed ogre
  8557 | D:9      | Found Tutir's Gadget Boutique.
  8587 | D:9      | Found a shattered altar of Ashenzari.
  8668 | D:9      | Found Vesa's Jewellery Emporium.
  8672 | D:9      | Found Taop's General Store.
  8675 | D:9      | Bought a scroll of enchant armour for 112 gold pieces
  8675 | D:9      | Bought a potion of heal wounds for 75 gold pieces
  8691 | D:9      | Found an opulent altar of Gozag.
  8691 | D:9      | Found a glowing silver altar of Zin.
  8691 | D:9      | Noticed Psyche
  8700 | D:9      | Killed Psyche
  8814 | D:9      | Noticed Erolcha
  8824 | D:9      | Killed Erolcha
  8824 | D:9      | Reached ** piety under Trog
  8824 | D:9      | Reached skill level 1 in Evocations
  8923 | D:10     | Entered Level 10 of the Dungeon
  9433 | D:10     | Reached skill level 12 in Axes
 10040 | D:10     | Found a staircase to the Orcish Mines.
 10096 | D:10     | Noticed a tengu warrior
 10111 | D:10     | Killed a tengu warrior
 10111 | D:10     | Reached XP level 11. HP: 78/99 MP: 10/12
 10293 | D:10     | Got a fine ring mail
 10377 | D:10     | Identified the +2 ring mail of Ezue {Regen+ Int+4 Dex-3 SInv} (You found it on level 10 of the Dungeon)
 10712 | D:11     | Killed an unseen horror
 10843 | D:11     | Noticed an eight-headed hydra
 10855 | D:11     | Killed an eight-headed hydra
 10855 | D:11     | Reached skill level 10 in Armour
 10855 | D:11     | Reached skill level 10 in Shields
 11178 | D:11     | Reached skill level 10 in Fighting
 11306 | D:11     | Reached skill level 13 in Axes
 11408 | D:11     | Reached *** piety under Trog
 11686 | D:11     | Found a staircase to the Lair.
 12026 | D:11     | Noticed a two-headed ogre
 12037 | D:11     | Killed a two-headed ogre
 12590 | D:12     | Noticed an unseen horror
 12606 | D:12     | Killed an unseen horror
 12978 | D:12     | Noticed a two-headed ogre
 12987 | D:12     | Killed a two-headed ogre
 13164 | D:12     | Noticed a two-headed ogre
 13174 | D:12     | Killed a two-headed ogre
 13174 | D:12     | Reached XP level 12. HP: 79/108 MP: 14/14
 13336 | D:12     | Reached skill level 14 in Axes
 13427 | D:12     | Noticed Urug
 13444 | D:12     | Killed Urug
 14404 | D:13     | Reached **** piety under Trog
 14470 | D:13     | Noticed a centaur warrior
 14478 | D:13     | Killed from afar by an efreet

Vault maps used:
D:1:      eino_arrival_water_cross, kennysheep_decorative_pillar, minivault_25
D:2:      dk_noncrumbling_4, minmay_misc_feat_nine_boxes
D:3:      minivault_25, nicolae_gozag_zags_fifth_avenue, uniq_robin
D:4:      overflow_temple_1_default, overflow_temple_1_default, first_ration,
          grunt_decor_mini_mirrors, kennysheep_generic_room_8
D:5:      dancing_weapons_uskayaw, nicolae_overflow_hidden_temple
D:6:      gammafunk_temple_overflow_claw, temple_doors_e,
          gup_ossuary_entry_pyramid, minmay_misc_feat_alley, grunt_ministairs_5,
          nicolae_lava_and_water, kennysheep_generic_room_7
D:7:      grunt_temple_overflow_champion_of_chaos, uniq_pikel
D:8:      kennysheep_little_box, lemuel_doored_altar
D:9:      grunt_temple_overflow_gold_and_silver, serial_shops, shop,
          nicolae_shop_behind_doors,
          nicolae_shop_temple_entry_statues_fountains, shop,
          nicolae_shop_statue_plus, basic_altar, nicolae_underground_beach,
          uniq_erolcha, uniq_psyche
D:10:     hiddenorc1_lemuel, grunt_tengu_nest
D:11:     lair_entry_dummy
D:12:     uniq_urug
Temple:   nicolae_temple_figure_zero
Ossuary:  ossuary_minmay_tomb_2a

Skill      XL: |  1  2  3  4  5  6  7  8  9 10 11 12 |
---------------+-------------------------------------+-----
Axes           | 3 4 5 6 7 9 11 12 13 14 | 14.2
Fighting       | 4 5 6 7 8 9 10 | 10.9
Shields        | 4 5 6 7 8 9 10 | 10.9
Armour         | 4 5 6 7 8 9 10 | 10.9
Maces & Flails | 1 |  1.8
Evocations     | 2 4 |  4.9

Action                   |  1- 3 |  4- 6 |  7- 9 | 10-12 || total
-------------------------+-------+-------+-------+-------++-------
Melee: War axe           |    79 |   173 |   324 |   487 ||  1063
       Headbutt          |     9 |    29 |    60 |   128 ||   226
       Whip              |       |    21 |    35 |     9 ||    65
Evoke: Wand              |       |       |       |     1 ||     1
  Use: Scroll            |       |     8 |     7 |    10 ||    25
 Stab: Paralysed         |       |       |       |     2 ||     2
  Eat: Chunk             |     1 |    10 |    38 |    27 ||    76
       Ration            |       |       |     1 |     2 ||     3
Armor: Scale mail        |    38 |    60 |       |       ||    98
       Chain mail        |       |    12 |   127 |       ||   139
       Plate armour      |       |       |    22 |   219 ||   241
       Ring mail         |       |       |       |     9 ||     9
       Skin              |       |       |       |     2 ||     2
Dodge: Dodged            |    19 |    45 |    73 |    65 ||   202
Block: Shield            |    38 |    96 |   217 |   339 ||   690

Table legend:
 A = Spawn XP
 B = Non-spawn XP
 C = Spawn XP percentage of total XP
 D = Spawn monster count
 E = Non-spawn monster count
 F = Spawn count percentage of total count
 G = Total turns spent on level
                    A         B        C        D         E        F      G
               +---------+---------+-------+---------+---------+-------+---------
         Total |       0 |   25099 |   0.0 |       0 |     299 |   0.0 | 14478
               +---------+---------+-------+---------+---------+-------+---------
           D:1 |       0 |      16 |   0.0 |       0 |      11 |   0.0 |   686
           D:2 |       0 |     125 |   0.0 |       0 |      32 |   0.0 |  1128
           D:3 |       0 |     141 |   0.0 |       0 |      37 |   0.0 |   973
           D:4 |       0 |     296 |   0.0 |       0 |      15 |   0.0 |  1033
           D:5 |       0 |     507 |   0.0 |       0 |       8 |   0.0 |   790
           D:6 |       0 |     510 |   0.0 |       0 |      21 |   0.0 |  1044
           D:7 |       0 |    1563 |   0.0 |       0 |      20 |   0.0 |   660
           D:8 |       0 |     992 |   0.0 |       0 |      15 |   0.0 |  1313
           D:9 |       0 |    4217 |   0.0 |       0 |      26 |   0.0 |  1288
          D:10 |       0 |    3426 |   0.0 |       0 |      40 |   0.0 |  1423
          D:11 |       0 |    6715 |   0.0 |       0 |      31 |   0.0 |  1868
          D:12 |       0 |    5610 |   0.0 |       0 |      21 |   0.0 |  1816
          D:13 |       0 |     828 |   0.0 |       0 |       6 |   0.0 |   162
       Ossuary |       0 |     153 |   0.0 |       0 |      16 |   0.0 |   219
               +---------+---------+-------+---------+---------+-------+---------
